Map: Disco Bloodbath LE

Players

Wally - Winner!

  • Race: Zerg Zerg
  • Spawn Location: 9:00

pHARM

  • Race: Zerg Zerg
  • Spawn Location: 3:00

VOD

Have the link to the VOD?

Description

Time

  • Played on: Aug. 20, 2019, 7:46 p.m.
  • Length: 13:34
Show
View Real Time Build Order
Export as new Build Order

Wally Zerg - Winner!

Build Orders: Pool First 

Get SALT Encoding   

  12  0:03  Drone  
  13  0:11  Drone  
  14  0:16  Overlord  
  14  0:22  Extractor  
  14  0:23  Drone  
  15  0:36  Drone x2  
  17  0:47  Drone  
  18  0:51  Spawning Pool  
  17  0:59  Drone  
  17  1:00  Extractor  
  17  1:19  Drone  
  17  1:20  Drone, Hatchery  
  18  1:31  Drone  
  19  1:40  Overlord  
  19  1:55  Zergling x2  
  19  1:56  Queen  
  22  2:02  Zergling x2  
  23  2:14  Zergling x2, Metabolic Boost  
  24  2:32  Drone  
  24  2:33  Drone, Queen  
  24  2:34  Queen  
  30  2:46  Drone  
  30  2:47  Drone x2  
  33  3:01  Drone x2  
  34  3:08  Overlord x2  
  34  3:24  Overlord x2  
  34  3:26  Queen x2  
  38  3:28  Drone x2  
  38  3:31  Baneling Nest  
  37  4:00  Drone x7  
  37  4:01  Drone  
  45  4:10  Drone x2  
  45  4:14  Roach Warren  
  45  4:16  Drone  
  47  4:17  Baneling x5  
  47  4:18  Evolution Chamber  
  47  4:19  Drone  
  47  4:21  Evolution Chamber  
  46  4:28  Pneumatized Carapace  
  46  4:29  Drone  
  47  4:33  Extractor  
  47  4:38  Drone x5  
  50  4:39  Drone x2  
  53  4:47  Overlord  
  53  4:57  Extractor  
  52  5:00  Zerg Melee Weapons Level 1  
  52  5:02  Zerg Missile Weapons Level 1  
  52  5:03  Roach  
  52  5:04  Overlord  
  52  5:05  Overlord  
  54  5:07  Drone x3  
  54  5:08  Drone  
  54  5:09  Drone x2  
  54  5:10  Drone  
  54  5:11  Extractor  
  60  5:22  Overlord x2  
  60  5:30  Hatchery  
  59  5:46  Roach x3  
  59  5:47  Roach x5  
  75  5:54  Ravager  
  75  5:55  Roach  
  78  6:01  Lair  
  78  6:11  Roach x6  
  84  6:12  Roach  
  84  6:13  Overlord  
  92  6:25  Spore Crawler  
  91  6:27  Spore Crawler  
  91  6:28  Roach x2  
  94  6:37  Roach x3  
  94  6:38  Roach x3  
  94  6:39  Overlord  
  106  6:46  Drone x3  
  109  6:48  Drone  
  107  7:18  Roach  
  107  7:19  Roach x6  
  94  7:38  Roach x3  
  94  7:39  Roach x6  
  94  7:40  Roach x3  
  114  7:45  Ravager x2  
  114  7:46  Ravager x2  
  114  7:48  Roach  
  103  7:59  Roach x4  
  103  8:00  Roach x2  
  103  8:05  Glial Reconstitution  
  115  8:09  Drone x4  
  115  8:10  Drone x2  
  121  8:22  Overlord x2  
  121  8:26  Zerg Missile Weapons Level 2  
  121  8:34  Extractor  
  121  8:36  Extractor  
  117  8:43  Roach x2  
  117  8:44  Roach x7  
  117  8:45  Roach  
  117  8:47  Overlord x2  
  137  8:58  Drone  
  138  9:08  Drone x6  
  138  9:09  Drone x3  
  147  9:21  Zerg Ground Armor Level 1  
  147  9:24  Hatchery  
  144  9:32  Overseer  
  144  9:33  Overseer  
  144  9:35  Ravager x6  
  144  9:37  Ravager  
  151  9:41  Overlord x3  
  151  9:42  Drone x3  
  154  9:51  Spine Crawler  
  153  9:53  Spine Crawler  
  153  9:54  Spine Crawler  
  153  9:56  Drone x3  
  138  10:37  Roach  
  138  10:38  Roach x8  
  138  10:39  Roach x7  
  138  10:40  Roach x4  
  168  10:54  Roach x4  
  168  10:55  Overlord  
  168  10:56  Overlord x2  
  176  11:00  Hydralisk Den  
  169  11:04  Infestation Pit  
  145  11:23  Roach x2  
  145  11:24  Roach x7  
  145  11:25  Roach  
  162  11:26  Drone x5  
  164  11:47  Ravager x3  
  164  11:48  Ravager x6  
  173  12:02  Hive  
  173  12:07  Extractor  
  172  12:09  Extractor  
  171  12:24  Zergling x8  
  171  12:25  Zergling x16  
  171  12:26  Zergling x14  
  171  12:27  Zergling x10  
  195  12:33  Pathogen Glands  
  195  12:37  Overlord, Lurker Den  
  195  12:38  Overlord, Queen x3  
  195  12:40  Spore Crawler  
  199  12:46  Spore Crawler x3  
  196  12:51  Drone x2  
  196  12:52  Drone x2  
  200  13:07  Overseer x3  
  200  13:08  Overseer x3  
Show
View Real Time Build Order
Export as new Build Order

pHARM Zerg 

Build Orders: Hatch First 

Get SALT Encoding   

  12  0:01  Drone  
  13  0:22  Overlord  
  13  0:23  Drone  
  14  0:41  Drone x2  
  16  0:52  Drone  
  17  1:04  Hatchery  
  16  1:12  Drone x2  
  18  1:33  Spawning Pool  
  18  1:34  Drone x2  
  19  1:44  Drone  
  20  1:50  Drone  
  21  1:55  Extractor  
  20  2:04  Overlord  
  20  2:20  Queen  
  20  2:21  Queen  
  24  2:23  Zergling x4  
  24  2:24  Drone  
  27  2:35  Drone x2  
  29  2:49  Drone x3  
  32  2:59  Drone  
  32  3:00  Drone  
  32  3:03  Drone  
  35  3:14  Drone  
  35  3:15  Overlord  
  35  3:51  Metabolic Boost  
  34  4:00  Baneling Nest  
  33  4:04  Evolution Chamber, Drone x4  
  33  4:06  Evolution Chamber  
  35  4:14  Drone  
  35  4:15  Lair  
  36  4:39  Overlord x2  
  36  4:52  Zerg Melee Weapons Level 1  
  36  4:56  Overlord x2, Queen  
  38  5:01  Drone x8  
  46  5:10  Roach Warren  
  45  5:16  Hatchery  
  45  5:19  Drone x3  
  47  5:25  Extractor  
  47  5:26  Extractor  
  45  5:32  Queen  
  45  5:34  Hatchery  
  46  5:53  Drone x3  
  46  5:54  Roach x6  
  46  5:55  Glial Reconstitution  
  61  6:08  Overlord x2  
  61  6:11  Queen  
  63  6:30  Roach x9  
  81  6:44  Roach x4  
  89  6:51  Overlord x2  
  89  6:52  Roach  
  89  6:53  Roach x2  
  95  7:03  Overlord x3  
  95  7:14  Roach  
  95  7:15  Roach x7  
  107  7:33  Roach x7, Extractor  
  106  7:44  Ravager  
  106  7:48  Roach x2  
  106  7:49  Roach  
  105  8:12  Roach x7  
  119  8:22  Zerg Missile Weapons Level 1  
  119  8:36  Drone x7  
  119  8:37  Drone x8  
  124  8:45  Ravager  
  124  8:46  Ravager  
  124  8:47  Ravager  
  125  8:56  Extractor  
  125  8:57  Extractor  
  125  9:00  Drone x8  
  125  9:01  Drone  
  125  9:02  Spine Crawler  
  131  9:03  Spine Crawler x2  
  131  9:07  Zerg Ground Armor Level 1  
  129  9:19  Hydralisk Den  
  118  9:32  Roach x7  
  118  9:33  Roach x2  
  136  9:54  Grooved Spines  
  136  10:02  Overlord x6  
  132  10:16  Hatchery  
  132  10:18  Roach  
  125  10:23  Ravager  
  125  10:24  Ravager  
  125  10:25  Ravager  
  125  10:26  Ravager  
  128  10:29  Roach x12  
  128  10:33  Roach  
  128  10:34  Roach x2  
  101  10:43  Roach x2  
  101  10:44  Roach x2  
  101  10:46  Roach  
  101  10:48  Zergling x20  
  97  10:59  Roach x2  
  97  11:04  Roach x2  
  95  11:05  Muscular Augments  
  79  11:19  Roach x6  
  87  11:26  Roach x2  
  87  11:32  Drone  
  90  11:56  Hatchery  
  90  12:01  Drone x11  
  100  12:33  Roach x12  
  100  12:34  Roach  
  126  12:51  Extractor  
  126  12:53  Extractor  
  126  12:54  Hydralisk  
  126  12:55  Hydralisk x5  
Tags
 
Matchup
ZvZ
Race
Zerg
Replay Pack
10.7.19
Spawn Locations
Cross Positions
Add a new tag
Caveats
  • Supply blocks, unpowered buildings, or Contaminate may cause inaccurate times.
  • Supply counts are checked every 10 seconds.